SA
WALLA WALLA WALLEYE @ PHOENIX HOTSPUR U-21
07/13/2020
 
TOP OF THE 1ST
Walla Walla Walleye batting - Pitching for Phoenix Hotspur U-21 : RHP Jim Unknown
Pitching: RHP Jim Unknown
Batting: LHB César Muñóz 0-0: Ball
1-0: Fly out, F8 (Popup, 4MD)
Batting: RHB Enrico Díaz 0-0: Called Strike
0-1: Ball
1-1: Foul Ball, location: 2F
1-2: Ball
2-2: SINGLE (Line Drive, 6MD)
Batting: RHB Miguel Cruz 0-0: Ball
1-0: Ball
2-0: Ground out 5-3 (Groundball, 56S)
Enrico Díaz to second
Batting: RHB Tony Farquharson 0-0: Called Strike
0-1: Ball
1-1: Ball
2-1: Swinging Strike
2-2: Strikes out swinging
Top of the 1st over - 0 run(s), 1 hit(s), 0 error(s), 1 left on base; Walla Walla 0 - Phoenix 0
BOTTOM OF THE 1ST
Phoenix Hotspur U-21 batting - Pitching for Walla Walla Walleye : RHP Brad Cunnick
Pitching: RHP Brad Cunnick
Batting: RHB David Rivas 0-0: Ball
1-0: Foul Ball, location: 2F
1-1: SINGLE (Line Drive, 4MD)
Batting: LHB Arthur Ryan 0-0: Ball
1-0: Called Strike
1-1: Called Strike
1-2: SINGLE (Flyball, 7S)
David Rivas to second
Batting: RHB Juan Aguirre 0-0: Called Strike
0-1: Ball
1-1: Called Strike
1-2: Grounds into double play, 4-6-3 (Groundball, 4)
David Rivas to third
Batting: RHB Pedro Torrez 0-0: Called Strike
0-1: Ball
1-1: Swinging Strike
1-2: Ball
2-2: Strikes out swinging
Bottom of the 1st over - 0 run(s), 2 hit(s), 0 error(s), 1 left on base; Walla Walla 0 - Phoenix 0
TOP OF THE 2ND
Walla Walla Walleye batting - Pitching for Phoenix Hotspur U-21 : RHP Jim Unknown
Batting: RHB Emílio Ortíz 0-0: Fly out, F8 (Flyball, 8RM)
Batting: RHB Sergio Cortéz 0-0: Ball
1-0: Foul Ball, location: 2F
1-1: SINGLE (Flyball, 8RS)
Batting: LHB Miguel Zúñiga 0-0: Ball
Sergio Cortéz is caught stealing 2nd base
1-0: Foul Ball, location: 2F
1-1: Swinging Strike
1-2: Fly out, F9 (Line Drive, 89M)
Top of the 2nd over - 0 run(s), 1 hit(s), 0 error(s), 0 left on base; Walla Walla 0 - Phoenix 0
BOTTOM OF THE 2ND
Phoenix Hotspur U-21 batting - Pitching for Walla Walla Walleye : RHP Brad Cunnick
Batting: SHB Edgar Cantú 0-0: Ball
1-0: Ball
2-0: Swinging Strike
2-1: Foul Ball, location: 2F
2-2: Ground out 4-3 (Groundball, 34)
Batting: RHB Larry Bryant 0-0: Ball
1-0: Ball
2-0: Ground out 4-3 (Groundball, 4)
Batting: RHB Francis Kelly 0-0: Ball
1-0: Ball
2-0: Called Strike
2-1: Ball
3-1: Called Strike
3-2: Strikes out swinging
Bottom of the 2nd over - 0 run(s), 0 hit(s), 0 error(s), 0 left on base; Walla Walla 0 - Phoenix 0
TOP OF THE 3RD
Walla Walla Walleye batting - Pitching for Phoenix Hotspur U-21 : RHP Jim Unknown
Batting: LHB Eugene Henson 0-0: Ball
1-0: Swinging Strike
1-1: Ball
2-1: Called Strike
2-2: Strikes out swinging, 2-3 out at first.
Batting: RHB Hieu De 0-0: Called Strike
0-1: Ball
1-1: Ball
2-1: SINGLE (Line Drive, 89M)
Batting: LHB César Muñóz 0-0: DOUBLE (Groundball, 3D)
Hieu De to third
Batting: RHB Enrico Díaz 0-0: Ball
1-0: Ground out 6-3 (Groundball, 6M)
Hieu De scores
César Muñóz to third
Batting: RHB Miguel Cruz 0-0: SINGLE (Line Drive, 8LS)
César Muñóz scores
Batting: RHB Tony Farquharson 0-0: Foul Ball, location: 2F
0-1: Called Strike
0-2: Ball
1-2: Strikes out looking
Top of the 3rd over - 2 run(s), 3 hit(s), 0 error(s), 1 left on base; Walla Walla 2 - Phoenix 0
BOTTOM OF THE 3RD
Phoenix Hotspur U-21 batting - Pitching for Walla Walla Walleye : RHP Brad Cunnick
Batting: RHB Jesús Mejía 0-0: Swinging Strike
0-1: Ball
1-1: Called Strike
1-2: Strikes out swinging
Batting: RHB Don McCord 0-0: Ball
1-0: Foul Ball, location: 2F
1-1: Foul Ball, location: 2F
1-2: Foul Ball, location: 2F
1-2: Ball
2-2: Ball
3-2: Foul Ball, location: 2F
3-2: Foul Ball, location: 2F
3-2: Foul Ball, location: 2F
3-2: Base on Balls
Batting: RHB David Rivas 0-0: Called Strike
0-1: Fly out, F7 (Flyball, 7D)
Batting: LHB Arthur Ryan 0-0: Called Strike
0-1: Swinging Strike
0-2: Foul Ball, location: 2F
0-2: Strikes out swinging
Bottom of the 3rd over - 0 run(s), 0 hit(s), 0 error(s), 1 left on base; Walla Walla 2 - Phoenix 0
TOP OF THE 4TH
Walla Walla Walleye batting - Pitching for Phoenix Hotspur U-21 : RHP Jim Unknown
Batting: RHB Emílio Ortíz 0-0: Called Strike
0-1: Called Strike
0-2: Ground out 4-3 (Groundball, 4M)
Batting: RHB Sergio Cortéz 0-0: Swinging Strike
0-1: Called Strike
0-2: Ball
1-2: Foul Ball, location: 2F
1-2: Foul Ball, location: 2F
1-2: Strikes out swinging
Batting: LHB Miguel Zúñiga 0-0: Ball
1-0: Fly out, F6 (Line Drive, 6M)
Top of the 4th over - 0 run(s), 0 hit(s), 0 error(s), 0 left on base; Walla Walla 2 - Phoenix 0
BOTTOM OF THE 4TH
Phoenix Hotspur U-21 batting - Pitching for Walla Walla Walleye : RHP Brad Cunnick
Batting: RHB Juan Aguirre 0-0: Ball
1-0: Ball
2-0: Called Strike
2-1: Called Strike
2-2: Foul Ball, location: 2F
2-2: Ball
3-2: Base on Balls
Batting: RHB Pedro Torrez 0-0: Ball
1-0: Called Strike
1-1: Ball
2-1: Foul Ball, location: 2F
2-2: 2-RUN HOME RUN (Flyball, 7LD), Distance : 376 ft
Batting: SHB Edgar Cantú 0-0: Called Strike
0-1: Foul Ball, location: 2F
0-2: Fly out, F7 (Flyball, 7M)
Batting: RHB Larry Bryant 0-0: Called Strike
0-1: Foul Ball, location: 2F
0-2: Ball
1-2: Ground out 5-3 (Groundball, 56S)
Batting: RHB Francis Kelly 0-0: Ground out 4-3 (Groundball, 4M)
Bottom of the 4th over - 2 run(s), 1 hit(s), 0 error(s), 0 left on base; Walla Walla 2 - Phoenix 2
TOP OF THE 5TH
Walla Walla Walleye batting - Pitching for Phoenix Hotspur U-21 : RHP Jim Unknown
Batting: LHB Eugene Henson 0-0: Ground out U3 (Groundball, 3L)
Batting: RHB Hieu De 0-0: Ball
1-0: Foul Ball, location: 2F
1-1: Ball
2-1: Ground out 1-3 (Groundball, 13S)
Batting: LHB César Muñóz 0-0: Ball
1-0: Ball
2-0: Fly out, F7 (Flyball, 78S)
Top of the 5th over - 0 run(s), 0 hit(s), 0 error(s), 0 left on base; Walla Walla 2 - Phoenix 2
BOTTOM OF THE 5TH
Phoenix Hotspur U-21 batting - Pitching for Walla Walla Walleye : RHP Brad Cunnick
Batting: RHB Jesús Mejía 0-0: Ball
1-0: Ball
2-0: Called Strike
2-1: Foul Ball, location: 2F
2-2: Foul Ball, location: 2F
2-2: Fly out, F9 (Flyball, 9M)
Batting: RHB Don McCord 0-0: Fly out, F7 (Line Drive, 78M)
Batting: RHB David Rivas 0-0: Ball
1-0: Ball
2-0: Swinging Strike
2-1: SINGLE (Line Drive, 78S)
Batting: LHB Arthur Ryan 0-0: Called Strike
0-1: Ball
David Rivas is caught stealing 2nd base
Bottom of the 5th over - 0 run(s), 1 hit(s), 0 error(s), 0 left on base; Walla Walla 2 - Phoenix 2
TOP OF THE 6TH
Walla Walla Walleye batting - Pitching for Phoenix Hotspur U-21 : RHP Jim Unknown
Batting: RHB Enrico Díaz 0-0: Swinging Strike
0-1: Ball
1-1: Ball
2-1: Foul Ball, location: 2F
2-2: Ball
3-2: Foul Ball, location: 2F
3-2: Foul Ball, location: 2F
3-2: Strikes out swinging
Batting: RHB Miguel Cruz 0-0: Foul Ball, location: 2F
0-1: Ball
1-1: Ball
2-1: Ground out 2-3 (Groundball, 2L)
Batting: RHB Tony Farquharson 0-0: Ground out 5-3 (Groundball, 56)
Top of the 6th over - 0 run(s), 0 hit(s), 0 error(s), 0 left on base; Walla Walla 2 - Phoenix 2
BOTTOM OF THE 6TH
Phoenix Hotspur U-21 batting - Pitching for Walla Walla Walleye : RHP Brad Cunnick
Batting: LHB Arthur Ryan 0-0: Called Strike
0-1: Fly out, F5 (Popup, 5F)
Batting: RHB Juan Aguirre 0-0: Called Strike
0-1: Called Strike
0-2: Ball
1-2: Ball
2-2: Foul Ball, location: 2F
2-2: Fly out, F8 (Line Drive, 8RS)
Batting: RHB Pedro Torrez 0-0: Ball
1-0: Called Strike
1-1: Foul Ball, location: 2F
1-2: Ball
2-2: Ground out 5-3 (Groundball, 5L)
Bottom of the 6th over - 0 run(s), 0 hit(s), 0 error(s), 0 left on base; Walla Walla 2 - Phoenix 2
TOP OF THE 7TH
Walla Walla Walleye batting - Pitching for Phoenix Hotspur U-21 : RHP Jim Unknown
Batting: RHB Emílio Ortíz 0-0: Ball
1-0: Ground out 6-3 (Groundball, 6)
Pinch Hitting: RHB Dustin O'Quinlevan 0-0: Ball
1-0: Foul Ball, location: 2F
1-1: DOUBLE (Flyball, 7M)
Batting: LHB Miguel Zúñiga 0-0: Intentional Walk
Pinch Hitting: RHB Jorge Díaz 0-0: Ball
1-0: Ball
2-0: Called Strike
2-1: Ball
3-1: Fly out, F7 (Flyball, 78M)
Pinch Hitting: LHB Jim Unknown 0-0: Foul Ball, location: 2F
0-1: Ground out 6-3 (Groundball, 6)
Top of the 7th over - 0 run(s), 1 hit(s), 0 error(s), 2 left on base; Walla Walla 2 - Phoenix 2
BOTTOM OF THE 7TH
Phoenix Hotspur U-21 batting - Pitching for Walla Walla Walleye : RHP Brad Cunnick
Now at 1B: Jim Unknown
Now in LF: Jorge Díaz
Now in RF: Dustin O'Quinlevan
Batting: SHB Edgar Cantú 0-0: Foul Ball, location: 2F
0-1: Ball
1-1: Ball
2-1: Foul Ball, location: 2F
2-2: Ground out 4-3 (Groundball, 4)
Pitching: RHP Taro Ohayashi
Batting: RHB Larry Bryant 0-0: Ball
1-0: Ball
2-0: Called Strike
2-1: Ball
3-1: Foul Ball, location: 2F
3-2: Base on Balls
Pinch Hitting: LHB Jim Unknown 0-0: Ball
1-0: SINGLE (Groundball, 5D)
Larry Bryant to second
Batting: RHB Jesús Mejía 0-0: Ball
1-0: Ball
2-0: Ground out 5-3 (Groundball, 5S)
Larry Bryant to third
Jim Unknown to second
Pinch Hitting: LHB Jim Unknown 0-0: SINGLE (Groundball, 34S)
Larry Bryant scores
Jim Unknown to third
Runner from 3rd tries for Home, SAFE, no throw or cutoff
Batting: RHB David Rivas 0-0: Ball
1-0: Ball
2-0: Called Strike
2-1: Swinging Strike
2-2: Strikes out looking
Bottom of the 7th over - 2 run(s), 2 hit(s), 0 error(s), 1 left on base; Walla Walla 2 - Phoenix 4
TOP OF THE 8TH
Walla Walla Walleye batting - Pitching for Phoenix Hotspur U-21 : RHP Jim Unknown
Now at 2B: Marc Meertens
Now in LF: Jim Unknown
Batting: LHB César Muñóz 0-0: Fly out, F3 (Line Drive, 3)
Batting: RHB Enrico Díaz 0-0: Ball
1-0: Ball
2-0: Foul Ball, location: 2F
2-1: Called Strike
2-2: SINGLE (Groundball, 56)
Batting: RHB Miguel Cruz 0-0: Ball
1-0: Grounds into double play, 6-4-3 (Groundball, 6)
Top of the 8th over - 0 run(s), 1 hit(s), 0 error(s), 0 left on base; Walla Walla 2 - Phoenix 4
BOTTOM OF THE 8TH
Phoenix Hotspur U-21 batting - Pitching for Walla Walla Walleye : RHP Taro Ohayashi
Batting: LHB Arthur Ryan 0-0: Ball
1-0: Called Strike
1-1: Foul Ball, location: 2F
1-2: Strikes out swinging
Batting: RHB Juan Aguirre 0-0: Ball
1-0: Ground out 6-3 (Groundball, 6)
Batting: RHB Pedro Torrez 0-0: Ball
1-0: Ball
2-0: Called Strike
2-1: Ball
3-1: Called Strike
3-2: Foul Ball, location: 2F
3-2: Foul Ball, location: 2F
3-2: Foul Ball, location: 2F
3-2: Ground out 5-3 (Groundball, 56)
Bottom of the 8th over - 0 run(s), 0 hit(s), 0 error(s), 0 left on base; Walla Walla 2 - Phoenix 4
TOP OF THE 9TH
Walla Walla Walleye batting - Pitching for Phoenix Hotspur U-21 : RHP Jim Unknown
Batting: RHB Tony Farquharson 0-0: Ball
1-0: Foul Ball, location: 2F
1-1: Ground out 6-3 (Groundball, 6M)
Batting: RHB Emílio Ortíz 0-0: Fly out, F7 (Line Drive, 78M)
Batting: RHB Dustin O'Quinlevan 0-0: Fly out, F3 (Popup, 3SF)
Top of the 9th over - 0 run(s), 0 hit(s), 0 error(s), 0 left on base; Walla Walla 2 - Phoenix 4
This league is powered by Out of the Park Baseball, the baseball management simulation game for PC, Mac and Linux
Friday, October 23rd, 2015 - OOTP Baseball 16.9 Build 39